 Seeded DCSS version 0.28.0-62-gf88900778d (webtiles) character file.

Game seed: 20220729 (custom seed)

784 Ajencis the Chiller (level 7, -3/41 HPs)
             Began as a Gargoyle Ice Elementalist on July 29, 2022.
             Was an Initiate of Sif Muna.
             Slain by a hornet zombie (10 damage)
             ... on level 6 of the Dungeon on Mar 12, 2023.
             The game lasted 00:20:35 (6194 turns).

Ajencis the Chiller (Gargoyle Ice Elementalist)     Turns: 6194, Time: 00:20:36

Health: -3/41      AC:  7    Str: 12    XL:     7   Next: 86%
Magic:  5/12       EV: 12    Int: 23    God:    Sif Muna [......]
Gold:   196        SH:  0    Dex: 10    Spells: 5/13 levels left

rFire   . . .      SeeInvis .   i - +3 dagger
rCold   + . .      Faith    .   (no shield)
rNeg    + . .      Spirit   .   a - +0 robe
rPois   ∞          Reflect  .   (no helmet)
rElec   +          Harm     .   g - scarf {shadows}
rCorr   .          Rampage  .   (no gloves)
Will    .....                   (no boots)
Stlth   ++........              (no amulet)
HPRegen 0.13/turn               b - ring of protection from cold
MPRegen 0.13/turn               p - +6 ring of intelligence

@: freezing walls
A: sickness immunity, AC +4, negative energy resistance 1, electricity
resistance, torment resistance 1, petrification resistance
a: Renounce Religion


You were on level 6 of the Dungeon.
You worshipped Sif Muna.
Sif Muna was noncommittal.
You visited 2 branches of the dungeon, and saw 7 of its levels.

You collected 232 gold pieces.
You spent 36 gold pieces at shops.

Inventory:

Hand Weapons
 i - a +3 dagger (weapon)
Armour
 a - a +0 robe (worn)
 d - a +0 cloak
 g - a scarf of shadows (worn)
Jewellery
 b - a ring of protection from cold (left hand)
 p - a +6 ring of intelligence (right hand)
 r - a ring of resist corrosion
 t - a ring of fire
Scrolls
 c - a scroll of enchant weapon {unknown}
 e - 3 scrolls of identify {unknown}
 f - 3 scrolls of fear {unknown}
 j - a scroll of noise {unknown}
 o - a scroll of immolation {unknown}
 q - a scroll of holy word {unknown}
 s - 2 scrolls of teleportation {unknown}
 v - a scroll of vulnerability {unknown}
 y - a scroll of amnesia {unknown}
 A - a scroll of torment {unknown}
Potions
 h - 2 potions of curing
 k - a potion of heal wounds {unknown}
 l - 2 potions of mutation {unknown}
 m - 2 potions of might {unknown}
 n - 2 potions of berserk rage {unknown}
 u - a potion of invisibility {unknown}
 w - a potion of lignification {unknown}
 x - a potion of cancellation {unknown}
 z - a potion of flight {unknown}


   Skills:
 + Level 3.3 Fighting
 + Level 3.4 Armour
 + Level 3.1 Dodging
 - Level 2.1 Stealth
 + Level 3.6 Spellcasting
 + Level 1.1 Conjurations
 * Level 6.3 Ice Magic


You had 5 spell levels left.
You knew the following spells:

 Your Spells              Type           Power      Damage    Failure   Level
a - Freeze                Ice            100%       1d11      1%          1
b - Frozen Ramparts       Ice            66%        1d8       2%          3
c - Hailstorm             Conj/Ice       21%        3d6       24%         4

Your spell library contained the following spells:

 Spells                   Type           Power      Damage    Failure   Level
 Ozocubu's Armour         Ice            33%        N/A       2%          3
 Ensorcelled Hibernation  Hex/Ice        36%        N/A       4%          2
 Sting                    Tmut/Pois      16%        1d3       11%         1
 Passwall                 Tmut/Erth      3%         N/A       17%         2
 Poisonous Vapours        Pois/Air       8%         N/A       17%         2
 Swiftness                Air            4%         N/A       32%         3
 Olgreb's Toxic Radiance  Pois           4%         N/A       73%         4


Dungeon Overview and Level Annotations

Branches:
Dungeon (6/15)             Temple (1/1) D:4

Altars:
Ashenzari
Cheibriados
Dithmenos
Elyvilon
Fedhas
Gozag
Hepliaklqana
Kikubaaqudgha
Makhleb
Nemelex Xobeh
Okawaru
Qazlal
Ru
Sif Muna
Uskayaw
Vehumet
Wu Jian
Xom
Yredelemnul
Zin
The Shining One

Shops:
D:1 [*:[   D:2 [

Annotations:
D:3 1 runed translucent door, acdeimund's ghost, amateur MfGl
D:5 3 runed translucent doors, Vibber's ghost, novice DsCK


Innate Abilities, Weirdness & Mutations

You are immune to sickness and miasma.
Your stone body is resilient. (AC +4)
You are immune to poison.
You resist negative energy. (rN+)
You are resistant to electric shocks. (rElec)
You are resistant to unholy torment.
You are immune to petrification.


Message History

Press ? for a list of commands and other information.
Cast which spell? (? or * to list)
The spell is quite dangerous to miscast (24% risk of failure)!
Continue anyway?
Casting: Hailstorm (quite dangerous; 24% risk of failure)
Press: ? - help, Dir - look around, f - activate A cannonade of hail descends around you!
The hail pelts the hornet zombie.
The hornet zombie partially resists.
The hornet zombie is lightly damaged.
The hornet zombie resists.
The wall freezes the hornet zombie.
Casting: Hailstorm (quite dangerous; 24% risk of failure)
Confirm with . or Enter, or press ? or * to list all spells.
Aiming: Freeze (safe; 1% risk of failure)
Press: ? - help, Shift-Dir - straight line, f - hornet zombie
Aim: a hornet zombie (lightly damaged)
You freeze the hornet zombie.
The hornet zombie resists.
The hornet zombie is lightly damaged.
The hornet zombie completely resists.
The wall freezes the hornet zombie but does no damage.
The hornet zombie barely misses you.
The hornet zombie resists.
The wall freezes the hornet zombie.
The hornet zombie hits you.
You hit the hornet zombie.
The hornet zombie is moderately damaged.
The hornet zombie completely resists.
The wall freezes the hornet zombie but does no damage.
The hornet zombie hits you.
You closely miss the hornet zombie.
The hornet zombie is moderately damaged.
The hornet zombie completely resists.
The wall freezes the hornet zombie but does no damage.
The hornet zombie hits you!
* * * LOW HITPOINT WARNING * * *
You hit the hornet zombie.
The hornet zombie is moderately damaged.
The hornet zombie resists.
The wall freezes the hornet zombie.
The hornet zombie hits you.
* * * LOW HITPOINT WARNING * * *
The hornet zombie completely resists.
The wall freezes the hornet zombie but does no damage.
The hornet zombie hits you!
You die...

#. # ## #. ############. . .#
#c #.....<...... # #. .# #.
#.#.######### #.#.###.# #=
#.#.######
........#####.######.#.......
#.h...Z........Z@.......#####
#...<.....!.#########.#
##.##Z###.#. .# # .# # #. .#
.# #. .. .# #. .. .# #. .#


You could see a hornet zombie.

Vanquished Creatures
  2 ogres
  A centaur (D:6)
  A water moccasin zombie (D:4)
  A water moccasin skeleton (D:5)
  A bullfrog skeleton (D:5)
  A hound (D:5)
  2 orc priests (D:5)
  A centaur skeleton (D:5)
  2 iguanas (D:5)
  2 hound skeletons
  8 adders
  3 gnolls (D:5)
  5 worms
  4 dart slugs
  8 orcs
  2 ball pythons
  12 bats
  6 endoplasms
  A giant cockroach (D:1)
  4 goblins
  9 hobgoblins
  6 jackals
  A quokka (D:2)
  3 frilled lizards
  7 kobolds
  6 rats
99 creatures vanquished.

Notes
Turn   | Place    | Note
-------+----------+-------------------------------------------
     0 | D:1      | Ajencis the Gargoyle Ice Elementalist began the quest for
                  | the Orb.
     0 | D:1      | Reached XP level 1. HP: 10/10 MP: 3/3
   213 | D:1      | Found Ehyxkeff's Book Emporium.
   593 | D:1      | Found Syemahi's Antique Armour Boutique.
   665 | D:1      | Reached XP level 2. HP: 16/16 MP: 1/5
   811 | D:1      | Found Ruahouti's General Store.
   839 | D:1      | Bought a potion of curing for 36 gold pieces
   844 | D:1      | Found Acoizoy's Armour Shop.
  1011 | D:2      | Found Ralumaf's Antique Armour Boutique.
  1262 | D:2      | Reached skill level 1 in Fighting
  1262 | D:2      | Reached skill level 1 in Armour
  1262 | D:2      | Reached XP level 3. HP: 20/20 MP: 3/6
  1268 | D:2      | Learned a level 3 spell: Frozen Ramparts
  1448 | D:2      | Found a faded altar of an unknown god.
  1861 | D:2      | Reached XP level 4. HP: 21/25 MP: 3/7
  3047 | D:3      | Reached XP level 5. HP: 28/30 MP: 8/8
  3180 | D:3      | Found a runed translucent door.
  3451 | D:3      | Noticed acdeimund's ghost (amateur MfGl)
  3587 | D:4      | Reached skill level 5 in Ice Magic
  3745 | D:4      | Noticed an ogre
  3748 | D:4      | Killed an ogre
  3749 | D:4      | Reached XP level 6. HP: 36/36 MP: 4/10
  3818 | D:4      | Found a staircase to the Ecumenical Temple.
  3830 | Temple   | Entered the Ecumenical Temple
  4136 | Temple   | Became a worshipper of Sif Muna the Loreminder
  4708 | D:5      | Entered Level 5 of the Dungeon
  5267 | D:5      | Reached XP level 7. HP: 40/40 MP: 7/11
  5479 | D:5      | Learned a level 4 spell: Hailstorm
  5664 | D:5      | Reached skill level 6 in Ice Magic
  6054 | D:5      | Found a runed translucent gate.
  6054 | D:5      | Found a runed translucent gate.
  6055 | D:5      | Found a runed translucent gate.
  6056 | D:5      | Noticed Vibber's ghost (novice DsCK)
  6190 | D:6      | Reached skill level 1 in Conjurations
  6190 | D:6      | Upgraded the game from 0.28.0-53-g5a82cb258f to
                  | 0.28.0-62-gf88900778d
  6194 | D:6      | Slain by a hornet zombie

Illustrated notes

Levels and vault maps discovered:
D:1:      dpeg_arrival_rooms_b, layout_loops_cross, serial_shops, shop,
          nicolae_shop_competitors_out_of_business, shop,
          nicolae_shop_advertising_works [nicolae_subvault_shop_adworks]
D:2:      layout_loops_ring, shapermc_ecumenical_altar_pompeii, serial_shops,
          nicolae_square_shop
D:3:      layout_loops_ring, ebering_ghost_reflecting_pool, minmay_crystal_room,
          roderic_batcave, minmay_misc_feat_plants
D:4:      layout_loops_ring, minmay_temple_entry_stoned_glass
D:5:      layout_rooms, gammafunk_ghost_nasty_kobolds,
          nicolae_concentric_dashed_squares_mild, kennysheep_cross_room,
          st_stairs_14
D:6:      layout_loops_ring, minivault_27
Temple:   regret_index_temple_sigil_plot

Skill      XL: |  1  2  3  4  5  6  7 |
---------------+----------------------+-----
Fighting       | 1 2 3 |  3.3
Armour         | 1 2 3 |  3.4
Dodging        | 2 3 |  3.1
Ice Magic      | 5 6 |  6.3
Spellcasting   | 3 |  3.6
Conjurations   | 1 |  1.1
Stealth        | |  2.1

Action                   |  1- 3 |  4- 6 |  7- 9 || total
-------------------------+-------+-------+-------++-------
Melee: Unarmed           |     1 |       |       ||     1
       Dagger            |     3 |    79 |    44 ||   126
       Punch             |       |       |     1 ||     1
 Cast: Freeze            |    56 |    36 |     1 ||    93
       Frozen Ramparts   |       |    21 |     9 ||    30
       Hailstorm         |       |       |     1 ||     1
 Stab: Sleeping          |     1 |     4 |       ||     5
Armor: Robe              |    11 |    40 |    24 ||    75
Dodge: Dodged            |    23 |    57 |    35 ||   115
